Map: Ruins of Endion

Players

Hiza - Winner!

  • Race: Terran Terran
  • League: Master

Miszu

  • Race: Protoss Protoss
  • League: Grandmaster

VOD

Have the link to the VOD?

Description

Time

  • Played on: April 8, 2016, 5:24 p.m.
  • Length: 10:01
Show
View Real Time Build Order
Export as new Build Order

Hiza Terran - Winner!

Build Orders: Reaper Expand, MMM Bio 

Get SALT Encoding   

  12  0:01  SCV  
  13  0:13  SCV  
  14  0:18  Supply Depot  
  14  0:25  SCV  
  15  0:39  SCV  
  15  0:41  Barracks  
  16  0:45  Refinery  
  16  0:51  SCV  
  17  1:03  SCV  
  18  1:15  SCV  
  19  1:28  Reaper, Orbital Command  
  20  1:42  Command Center  
  20  1:51  Supply Depot  
  20  1:54  SCV  
  21  2:00  Barracks Reactor  
  21  2:06  SCV  
  22  2:09  Refinery  
  22  2:14  Barracks  
  22  2:18  SCV  
  23  2:26  Factory  
  22  2:37  Marine x2, SCV  
  25  2:49  SCV  
  26  2:54  Orbital Command  
  26  2:57  Marine x2  
  28  3:03  Barracks Tech Lab  
  28  3:04  SCV  
  29  3:12  Starport  
  29  3:15  Factory Reactor  
  29  3:16  Marine, SCV  
  29  3:18  Marine  
  32  3:21  SCV  
  32  3:26  Stimpack  
  33  3:28  SCV  
  33  3:32  Marauder  
  36  3:36  Marine  
  36  3:37  Marine  
  36  3:39  SCV  
  36  3:40  SCV  
  40  3:47  Supply Depot  
  40  3:51  SCV  
  41  3:57  Marine x2, Marauder  
  41  3:59  SCV  
  46  4:07  Supply Depot  
  46  4:09  Medivac x2, SCV  
  51  4:12  Widow Mine  
  51  4:15  SCV  
  51  4:16  Supply Depot  
  54  4:28  Marine x2  
  54  4:29  Marauder  
  54  4:30  SCV  
  59  4:32  SCV  
  59  4:33  Engineering Bay  
  59  4:35  Supply Depot  
  60  4:42  SCV  
  60  4:44  SCV  
  61  4:48  Marine x2  
  63  4:54  Supply Depot, SCV  
  63  4:56  SCV  
  65  5:02  Command Center  
  62  5:08  Marine x2, Marauder  
  62  5:11  SCV x2  
  62  5:13  Refinery  
  68  5:14  Refinery, Liberator x2  
  65  5:30  Marine x2, Marauder  
  65  5:31  Factory Reactor  
  65  5:33  SCV  
  76  5:37  SCV  
  76  5:41  Missile Turret  
  77  5:43  Missile Turret  
  77  5:45  SCV  
  78  5:53  Combat Shields  
  78  5:54  Barracks  
  78  5:55  Marine x2, Barracks  
  77  6:05  Marauder  
  77  6:13  Widow Mine x2  
  77  6:14  Marine x2  
  83  6:19  Medivac x2  
  83  6:23  SCV x2  
  83  6:24  Barracks x2  
  89  6:29  Terran Infantry Weapons Level 1  
  89  6:34  Marine x2  
  89  6:35  Marauder  
  93  6:42  Barracks Reactor  
  93  6:43  Barracks Tech Lab  
  93  6:45  Orbital Command  
  93  6:46  SCV  
  93  6:47  SCV  
  95  6:53  Supply Depot  
  95  6:54  Supply Depot  
  95  6:57  Marine x2  
  95  7:00  SCV x2  
  99  7:04  Marauder  
  99  7:05  Concussive Shells  
  101  7:14  SCV  
  101  7:15  Marauder, Liberator  
  94  7:26  Liberator  
  81  7:30  Barracks Reactor x2, Marine x4  
  81  7:31  Marine, Widow Mine x2  
  81  7:35  Marine  
  91  7:45  SCV x3  
  91  7:47  Marine  
  91  7:49  Marauder  
  91  7:50  Supply Depot x2  
  97  7:53  Marine x3  
  97  7:55  Marauder  
  97  7:57  SCV x2  
  104  8:03  Engineering Bay, Widow Mine x2  
  104  8:05  Armory  
  108  8:07  Marine x3  
  108  8:08  Marine x2  
  108  8:10  Marine  
  114  8:14  Liberator x2  
  103  8:23  Marine x4  
  103  8:25  Marine x2  
  106  8:28  Marauder  
  106  8:30  Supply Depot, Marine x2  
  106  8:32  Supply Depot  
  116  8:41  SCV  
  117  8:44  Marine x6, Widow Mine x2  
  117  8:46  Marauder  
  129  8:52  Marauder  
  131  8:58  Liberator x2  
  131  8:59  Marine x2  
  131  9:01  Marine  
  131  9:02  Marine x2  
  134  9:08  Marine x3, Marauder  
  139  9:13  Marine  
  139  9:14  Widow Mine x2  
  143  9:17  Marine x2  
  143  9:19  Marine x2  
  143  9:21  Marine  
  148  9:26  Marine  
  148  9:29  Marine  
Show
View Real Time Build Order
Export as new Build Order

Miszu Protoss 

Build Orders: 1 Gate Expand 

Get SALT Encoding   

  12  0:01  Probe (Chrono Boost)  
  13  0:12  Probe (Chrono Boost)  
  14  0:18  Pylon  
  14  0:22  Probe (Chrono Boost)  
  15  0:36  Probe (Chrono Boost)  
  15  0:41  Gateway  
  16  0:46  Probe (Chrono Boost)  
  18  0:57  Probe (Chrono Boost)  
  18  1:07  Probe (Chrono Boost)  
  19  1:15  Nexus  
  19  1:18  Probe (Chrono Boost)  
  20  1:26  Assimilator  
  20  1:28  Probe (Chrono Boost)  
  21  1:34  Cybernetics Core  
  21  1:39  Probe (Chrono Boost)  
  22  1:50  Probe (Chrono Boost)  
  23  1:58  Pylon  
  23  1:59  Assimilator  
  23  2:16  Probe (Chrono Boost)  
  23  2:17  Warp Gate  
  26  2:27  Probe  
  26  2:28  Probe  
  25  2:38  Probe  
  25  2:40  Probe  
  27  2:46  Stalker (Chrono Boost)  
  27  2:48  Probe  
  30  2:52  Mothership Core  
  32  2:59  Probe  
  33  3:08  Gateway  
  33  3:10  Twilight Council, Probe  
  34  3:13  Gateway, Probe  
  34  3:17  Pylon  
  35  3:21  Probe  
  35  3:23  Stalker (Chrono Boost)  
  38  3:27  Probe  
  39  3:37  Probe  
  39  3:40  Robotics Facility  
  39  3:41  Probe  
  41  3:48  Probe  
  41  3:53  Probe  
  43  3:58  Probe  
  44  4:05  Probe  
  44  4:09  Probe  
  45  4:14  Nexus  
  46  4:17  Probe  
  46  4:19  Probe  
  46  4:21  Assimilator  
  46  4:23  Assimilator  
  48  4:27  Observer  
  48  4:29  Probe  
  48  4:30  Probe  
  51  4:40  Probe  
  51  4:41  Probe  
  51  4:43  Pylon  
  53  4:49  Observer  
  54  4:55  Pylon  
  54  5:00  Probe  
  54  5:01  Probe  
  56  5:11  Pylon  
  56  5:19  Twilight Council  
  52  5:23  Stalker x3  
  52  5:27  Probe x2  
  51  5:29  Probe  
  54  5:37  Immortal (Chrono Boost)  
  54  5:38  Probe  
  54  5:39  Probe  
  54  5:40  Probe  
  61  5:49  Adept x2  
  64  5:50  Adept, Probe x2  
  64  5:51  Probe  
  67  6:03  Probe x2  
  64  6:04  Probe  
  66  6:13  Probe  
  66  6:14  Resonating Glaives (Chrono Boost)  
  66  6:15  Probe  
  66  6:16  Immortal (Chrono Boost)  
  66  6:18  Gateway x2  
  73  6:21  Gateway  
  73  6:25  Pylon  
  73  6:30  Adept x3  
  78  6:44  Pylon  
  78  6:45  Immortal (Chrono Boost)  
  78  6:46  Pylon  
  78  6:47  Pylon  
  78  6:53  Adept  
  78  6:54  Adept  
  86  6:55  Sentry  
  88  7:16  Stalker  
  68  7:31  Stalker  
  68  7:32  Stalker x3  
  74  7:42  Adept  
  76  7:44  Mothership Core  
  76  7:49  Blink (Chrono Boost)  
  78  7:52  Probe  
  78  7:53  Gateway, Probe  
  78  7:55  Gateway  
  78  7:57  Forge, Gateway  
  80  7:59  Pylon  
  80  8:00  Forge  
  80  8:01  Pylon  
  80  8:05  Probe x2  
  82  8:07  Adept x3  
  82  8:08  Adept  
  86  8:24  Immortal  
  86  8:25  Probe  
  86  8:26  Probe x2  
  89  8:31  Pylon  
  89  8:32  Adept x2  
  97  8:35  Pylon  
  97  8:38  Probe  
  98  8:41  Pylon  
  98  8:43  Pylon  
  98  8:51  Probe x2  
  98  8:53  Probe  
  101  8:57  Assimilator  
  101  8:59  Assimilator  
  101  9:00  Adept x2  
  104  9:03  Probe  
  91  9:15  Probe x2  
  89  9:17  Probe  
  89  9:22  Adept  
  89  9:23  Adept x4  
  100  9:27  Probe  
  67  9:49  Adept x2  
  67  9:50  Adept x6  
Tags
 
Add a new tag
Caveats
  • Supply blocks, unpowered buildings, or Contaminate may cause inaccurate times.
  • Supply counts are checked every 10 seconds.